 Dungeon Crawl Stone Soup version 0.17.1-2-g5865329 (webtiles) character file.

102 FortyThree the Poker (level 4, -3/38 HPs)
             Began as a Centaur Berserker on Feb 7, 2016.
             Was a Priest of Trog.
             Slain by Natasha (8 damage)
             ... on level 3 of the Dungeon.
             The game lasted 00:03:55 (2576 turns).

FortyThree the Poker (Centaur Berserker)            Turns: 2576, Time: 00:03:56

Health: -3/38      AC:  5    Str: 19    XL:     4   Next: 49%
Magic:  4/4        EV:  9    Int:  6    God:    Trog [***...]
Gold:   148        SH:  0    Dex: 10    Spells: 0 memorised, 3 levels left

rFire  . . .     SeeInvis .     a - +0 spear
rCold  . . .     Clarity  .     b - +0 animal skin
rNeg   . . .     SustAt   .     (no shield)
rPois  .         Gourm    .     (no helmet)
rElec  .         Spirit   .     (no cloak)
rCorr  .         Warding  .     j - +0 pair of gloves
rMut   .         Stasis   .     (no barding)
MR     .....                    (no amulet)
Stlth  +.........               (no ring)
                                (no ring)

@: slowed, not resistant to hostile enchantments, very unstealthy
A: hooves 3, deformed body, speed 2, tough skin 3
a: Berserk, Trog's Hand, Burn Spellbooks, Renounce Religion


You were on level 3 of the Dungeon.
You worshipped Trog.
Trog was most pleased with you.
You were very hungry.

You visited 1 branch of the dungeon, and saw 3 of its levels.

You collected 148 gold pieces.

Inventory:

Hand Weapons
 a - a +0 spear (weapon)
Armour
 b - a +0 animal skin (worn)
 j - a +0 pair of gloves (worn)
Jewellery
 u - an uncursed ring of flight {unknown}
 w - an uncursed ring of positive energy {unknown}
Scrolls
 d - a scroll of identify
 f - a scroll of remove curse
 g - a scroll of recharging {unknown}
 h - 2 scrolls of magic mapping {unknown}
 i - a scroll of amnesia {unknown}
 k - a scroll of random uselessness {unknown}
 n - a scroll of enchant armour {unknown}
Potions
 e - a potion of cancellation
 l - a potion of mutation {unknown}
 m - 3 potions of brilliance {unknown}
 p - a potion of invisibility {unknown}
 q - a potion of heal wounds {unknown}
 r - a potion of haste {unknown}
 t - a potion of beneficial mutation {unknown}
 v - a potion of agility {unknown}
Comestibles
 c - 2 bread rations
 o - 3 meat rations
 s - 2 fruits


   Skills:
 - Level 3.0 Fighting
 + Level 4.8 Polearms
 - Level 1.3 Armour
 - Level 1.3 Dodging


You had 3 spell levels left.
You didn't know any spells.

Dungeon Overview and Level Annotations

Branches:
Dungeon (3/15)

Altars:
Ashenzari
Dithmenos
Gozag
Makhleb
Vehumet
Xom
Yredelemnul
The Shining One

Annotations:
D:3 Natasha


Innate Abilities, Weirdness & Mutations

You have hooves in place of feet.
Armour fits poorly on your strangely shaped body.
You cover ground very quickly.
You have extremely tough skin (AC +3).


Message History

The crimson imp disappears in a puff of smoke!
Natasha closely misses you.
The giant newt bites you but does no damage.
You barely miss Natasha. Your kick misses Natasha.
Natasha is almost dead.
Natasha claws you. The giant newt bites you.
You closely miss Natasha.
Natasha is almost dead.
Natasha claws you but does no damage.
The giant newt bites you but does no damage.
Unknown command.
You hit Natasha.
Natasha is almost dead.
Natasha mumbles some strange words.
Natasha's fingertips start to glow.
Natasha claws you!
* * * LOW HITPOINT WARNING * * *
The giant newt bites you but does no damage.
Natasha claws you!
You die...

.# .# .###
... ..#
..#####
####l......
#ยง=@h5...#
#.###5##.#
#.# .. #.#
#.# #.# #
#.# #.##
##.#.##
#.###.#


You could see Natasha, a crimson imp, a shadow imp and a giant newt.

Vanquished Creatures
  3 adders (D:2)
  A worm (D:2)
  A ball python (D:1)
  7 bats
  A bat zombie (D:1)
  7 giant cockroaches
  12 goblins
  7 hobgoblins
  3 jackals (D:1)
  A quokka (D:2)
  4 giant newts
  6 kobolds
  A quokka zombie (D:1)
  21 rats
75 creatures vanquished.

Notes
Turn   | Place    | Note
--------------------------------------------------------------
     0 | D:1      | FortyThree the Centaur Berserker began the quest for the Orb.
     0 | D:1      | Reached XP level 1. HP: 19/19 MP: 1/1
   305 | D:1      | Reached XP level 2. HP: 24/26 MP: 2/2
   775 | D:1      | Reached ** piety under Trog
   989 | D:1      | Reached XP level 3. HP: 29/31 MP: 3/3
  1297 | D:2      | Reached skill level 4 in Polearms
  1731 | D:2      | Reached XP level 4. HP: 31/38 MP: 4/4
  1734 | D:2      | Reached *** piety under Trog
  2452 | D:3      | Found a burning altar of Makhleb.
  2453 | D:3      | Found a glowing golden altar of the Shining One.
  2454 | D:3      | Found a shadowy altar of Dithmenos.
  2456 | D:3      | Found a shimmering altar of Xom.
  2456 | D:3      | Found a radiant altar of Vehumet.
  2457 | D:3      | Found a basalt altar of Yredelemnul.
  2457 | D:3      | Found a shattered altar of Ashenzari.
  2458 | D:3      | Found an opulent altar of Gozag.
  2560 | D:3      | Noticed Natasha
  2576 | D:3      | Slain by Natasha

Action                   |  1- 3 |  4- 6 || total
-------------------------+-------+-------++-------
Melee: Spear             |   190 |    80 ||   270
  Use: Scroll            |     2 |       ||     2
  Eat: Chunk             |     1 |     1 ||     2
       Fruit             |       |     1 ||     1
